[Event "Late-Titled-Tuesday-Blitz-March-19-2024"]
[Site "Chess.com"]
[Date "2024.03.19"]
[Round "4"]
[White "Muracle"]
[Black "jcibarra"]
[Result "0-1"]
[WhiteElo "2601"]
[BlackElo "2929"]
[TimeControl "180+1"]
[EndTime "14:40:05 PDT"]
[Termination "jcibarra won on time"]

1. d4 Nf6 2. g3 g6 3. Bg2 Bg7 4. Nf3 d6 5. O-O O-O 6. c4 Bf5 7. Nc3 Ne4 8. Qb3 Nxc3 9. bxc3 Be4 10. Bf4 b6 11. Rfd1 Nc6 12. Qa4 Na5 13. Nd2 Bxg2 14. Kxg2 Qe8 15. Qxe8 Rfxe8 16. e4 c5 17. Be3 Rac8 18.
Rac1 cxd4 19. cxd4 Rc7 20. c5 Rec8 21. cxd6 Rxc1 22.
d7 R1c2 23. dxc8=Q+ Rxc8 24. Nb3 Nc4 25. Rc1 a5 26.
Kg1 Nd6 27. Rxc8+ Nxc8 28. d5 f5 29. f3 fxe4 30. fxe4 a4 31. Nd4 Nd6 32. Nc6 Nxe4 33. Bxb6 Kf7 34. Nd8+ Ke8 35. Ne6 Bf6 36. Ba5 Bc3 37.
Bb6 Nf6 38. Nc7+ Kd7 39. Kg2 Be5 40. Nb5 Nxd5 41. Bf2 Kc6 42. Na7+ Kb7 43. Nb5 Ka6 44. Na3 Nb4 45. Nc4 Bc7 46. a3 Kb5 47. Ne3 Nd3 48. Nd5 Bd6 49. Nc3+ Ka5 50. Bd4 Bxa3 51. Kf3 Bc5 52.
Bh8 Nb4 53. Ke4 a3 54. Ne2 a2 55. Nc1 Ka4 56. Be5 Ka3 57. Bc3 Nc2 58. Kd3 a1=Q 59.
Bxa1 Nxa1 60. Ne2 Bd6 61. Nd4 Nb3 62. Nf3 Kb4 63. Ng5 h5 64. Ne6 Nc5+ 65. Nxc5 Kxc5 66.
Ke4 e6 67. h3 Bxg3 0-1

[Event "Late-Titled-Tuesday-Blitz-March-19-2024"]
[Site "Chess.com"]
[Date "2024.03.19"]
[Round "4"]
[White "malakismayil"]
[Black "javierfreilemartin"]
[Result "0-1"]
[WhiteElo "2513"]
[BlackElo "2330"]
[TimeControl "180+1"]
[EndTime "14:40:06 PDT"]
[Termination "javierfreilemartin won by checkmate"]

1. e4 c5 2. Nf3 e6 3. c3 d6 4. d4 Nd7 5. Be2 Qc7 6. O-O Ngf6 7.
Nbd2 a6 8. Re1 b6 9. Bd3 Bb7 10.
Qe2 cxd4 11. cxd4 Be7 12. Nb3 O-O 13. Bg5 Rfc8 14. e5 Bxf3 15. Qxf3 dxe5 16. dxe5 Nxe5 17. Qg3 Nxd3 18. Qxd3 Qc4 19. Qe3 Nd5 20. Qg3 Bxg5 21. Qxg5 h6 22. Qg3 Qf4 23. Qd3 Nb4 24. Qd7 Nc2 25.
Rac1 Rd8 26. Qb7 Nxe1 27. Rxe1 Qe5 28. Rb1 Qxb2 29. Rf1 b5 30. Na5 Qxa2 31. Nc6 Re8 32. Ne7+ Kf8 33. Nc6 Qd5 34. Qb6 Qd6 35. Qb7 Rec8 36.
Na5 Rab8 37. Qf3 Qd5 38. Qg3 b4 39. Nb3 a5 40. h4 a4 41. Nc1 b3 42. Ne2 b2 43.
Nc3 Rxc3 44. Qxb8+ Ke7 45. Qxb2 Rb3 46. Qc2 a3 47. Qc7+ Kf6 48. Qa7 Rd3 49. Qa6 a2 50.
Kh2 Rd4 51. g3 Rd2 52. Qa3 Qe5 53. Kg2 g5 54. hxg5+ hxg5 55. Qa4 Rb2 56. Kh2 Rb1 57. Qxa2 Rxf1 58. Qc2 Qd5 59. Qc3+ Kg6 60. Qc2+ f5 61. f3 Rxf3 62. Qg2 g4 63. Kh1 Qd1+ 64. Kh2 Qf1 65. Qxf1 Rxf1 66. Kg2 Rf3 67. Kh2 e5 68. Kg2 e4 69. Kh2 e3 70. Kg1 e2 71. Kg2 e1=Q 72. Kh2 Qe2+ 73. Kh1 Rf1# 0-1

[Event "Late-Titled-Tuesday-Blitz-March-19-2024"]
[Site "Chess.com"]
[Date "2024.03.19"]
[Round "4"]
[White "Kumi29"]
[Black "rychessmaster1"]
[Result "1/2-1/2"]
[WhiteElo "2582"]
[BlackElo "2755"]
[TimeControl "180+1"]
[EndTime "14:40:08 PDT"]
[Termination "Game drawn - insufficient material"]

1. d4 Nf6 2. Bg5 Ne4 3. h4 c5 4. d5 h6 5. Bf4 Qb6 6. Nd2 Qxb2 7. Nxe4 Qb4+ 8. c3 Qxe4 9. e3 e6 10. dxe6 Qxe6 11. Nf3 Nc6 12. Qa4 Be7 13. O-O-O d5 14. Ne5 O-O 15. Nxc6 Qxc6 16. Bb5 Qf6 17. Qc2 Bf5 18. Bd3 Bxd3 19. Rxd3 Rfd8 20. Rhd1 Bd6 21. Rxd5 Bxf4 22. Rxd8+ Rxd8 23. Rxd8+ Qxd8 24. exf4 Qxh4 25. g3 Qh1+ 26. Kb2 Qd5 27. Qe2 g6 28. g4 c4 29. f3 b5 30. Qg2 a5 31. f5 b4 32.
fxg6 bxc3+ 33. Kxc3 Qd3+ 34. Kb2 c3+ 35. Kc1 fxg6 36.
f4 Qe3+ 37. Kc2 Qxf4 38. Kxc3 Qe5+ 39. Kc4 Qc7+ 40. Kd4 Kh7 41. Qf3 Qd7+ 42. Kc5 a4 43. Kb4 Qe8 44. Qf4 h5 45. gxh5 gxh5 46. Qf5+ Qg6 47. Qd7+ Kh6 48. Qd2+ Qg5 49. Qd6+ Qg6 50. Qf4+ Kg7 51. Qe5+ Kf7 52. Qc7+ Kf6 53. Qd6+ Kg5 54. Qg3+ Kh6 55. Qf4+ Qg5 56. Qd6+ Kg7 57. Qd7+ Kf8 58.
Qc8+ Kf7 59. Qc4+ Ke8 60. Qc8+ Qd8 61. Qc6+ Ke7 62. Qe4+ Kf7 63. Qh7+ Kf6 64. Qh6+ Ke7 65. Qg5+ Kd7 66. Qxh5 Qe7+ 67. Qc5 Qe1+ 68. Kxa4 Qd1+ 69. Kb5 Qb1+ 70. Qb4 Qxa2 71. Qd4+ Ke6 72. Qc4+ Qxc4+ 73. Kxc4 1/2-1/2

[Event "Late-Titled-Tuesday-Blitz-March-19-2024"]
[Site "Chess.com"]
[Date "2024.03.19"]
[Round "4"]
[White "xasid81"]
[Black "KNVB"]
[Result "0-1"]
[WhiteElo "2598"]
[BlackElo "2803"]
[TimeControl "180+1"]
[EndTime "14:40:12 PDT"]
[Termination "KNVB won by resignation"]

1. e4 b6 2. Nc3 Bb7 3. d4 e6 4. Nf3 Bb4 5. Bd3 Nf6 6. Qe2 d5 7.
exd5 Qxd5 8. a3 Bxc3+ 9. bxc3 Nbd7 10. a4 O-O 11. h3 Rfe8 12. Bf4 Qa5 13. Bd2 e5 14.
Kf1 e4 15. Ng5 exd3 16. Qxd3 Ne4 17. Nxe4 Bxe4 18. Qg3 Qd5 19. Kg1 Bxc2 20. Kh2 c5 21. Be3 c4 22. Rhe1 Nf8 23. Bf4 Ng6 24. Bg5 h6 25. Be3 Re6 26. Rec1 Bd3 27. Ra3 Qd6 28. Qxd6 Rxd6 29. a5 b5 30. a6 Ne7 31. Ra5 Rb6 32. d5 Rd6 33. Bc5 Rd7 34. d6 Nf5 35. Rxb5 Nxd6 36. Rb4 Rc8 37. Be3 Rc6 38. Ra1 f6 39. Rb8+ Kf7 40. Ra8 Nc8 41. Ra2 Be4 42. Rb2 Rcc7 43.
Rab8 g5 44. h4 Ne7 45. hxg5 hxg5 46. f3 Bd5 47. Rh8 Nf5 48. Bf2 Kg7 49. Rbb8 Nh6 50. Bd4 Ng8 51. Rh3 Rc6 52. Rg3 Kf7 53. Rb7 Rd6 54.
Rxa7 Rxa7 55. Bxa7 Rxa6 56. Bd4 Ne7 57. Rh3 Kg7 58. Rg3 Kg6 59. Rh3 Nf5 60. Bc5 Ra5 61. Bb4 Ra8 62. g4 Nh4 63. f4 Ra2+ 64. Kg1 Nf3+ 65.
Kf1 gxf4 66. Bc5 Ng5 67. Rh8 Bg2+ 68. Ke1 f3 69. Rg8+ Kf7 70. Rf8+ Kg7 71. Re8 Ne4 72. Bd4 f2+ 73. Bxf2 Nxf2 74. g5 Nd3+ 75. Kd1 Bf3+ 0-1

[Event "Late-Titled-Tuesday-Blitz-March-19-2024"]
[Site "Chess.com"]
[Date "2024.03.19"]
[Round "4"]
[White "wallowss"]
[Black "VD_coach"]
[Result "0-1"]
[WhiteElo "2133"]
[BlackElo "2501"]
[TimeControl "180+1"]
[EndTime "14:40:12 PDT"]
[Termination "VD_coach won on time"]

1. d4 Nf6 2. Bg5 e6 3. e4 h6 4. Bxf6 Qxf6 5. c3 d6 6. Nd2 g6 7.
Bd3 Bg7 8. Ne2 O-O 9. O-O Qe7 10. f4 c5 11. Nf3 Nc6 12. Bb5 cxd4 13. cxd4 Bd7 14. Rc1 Rac8 15. Qa4 a6 16. Bxc6 Bxc6 17. Qc2 f5 18. e5 Bxf3 19. Qxc8 Bxe2 20. Qc7 Qxc7 21. Rxc7 Bxf1 22. Kxf1 dxe5 23. dxe5 Rf7 24. Rc8+ Bf8 25. Ke2 Kg7 26. g3 g5 27. a3 a5 28.
Ra8 b6 29. Rc8 Bc5 30. Rc6 Re7 31. b4 axb4 32. axb4 Bxb4 33. Rxb6 Bc5 34. Rc6 Bg1 35. h3 Kf7 36. Kf1 Ba7 37. Ke2 gxf4 38. gxf4 Bg1 39. Kf3 Rd7 40. Rc3 Bd4 41. Rb3 Ke7 42. Kg3 Rc7 43. Kh4 Bg1 44. Kh5 Bh2 45. Rb4 Rc3 46.
Rb7+ Kd8 47. Kxh6 Bxf4+ 48. Kg6 Bxe5 49. h4 f4 50. h5 f3 51. h6 f2 52. Rf7 Rg3+ 53.
Kh5 Rg2 54. h7 Ke8 55. Rf3 Ke7 56. Kh4 Rh2+ 57. Kg5 Rxh7 58. Rxf2 Rg7+ 59. Kh6 Rf7 60.
Re2 Bf6 61. Kg6 e5 62. Kf5 Bg7+ 63. Ke4 Rf4+ 64. Kd5 Rd4+ 65. Kc5 Ke6 66. Rg2 Bf6 67. Rg8 Rd8 68. Rg2 e4 69. Re2 Ke5 70. Kc4 Bg5 71. Rg2 Bf4 72. Rg1 e3 73. Re1 Ke4 74. Kc3 Rd2 75. Rh1 e2 0-1

[Event "Late-Titled-Tuesday-Blitz-March-19-2024"]
[Site "Chess.com"]
[Date "2024.03.19"]
[Round "4"]
[White "chucksterf10"]
[Black "kassablanca"]
[Result "0-1"]
[WhiteElo "2561"]
[BlackElo "2742"]
[TimeControl "180+1"]
[EndTime "14:40:15 PDT"]
[Termination "kassablanca won by resignation"]

1. e3 d5 2. Nf3 Nf6 3. c4 e6 4. b3 Be7 5. Bb2 O-O 6. g3 b6 7. cxd5 exd5 8. Bg2 Bb7 9. O-O Nbd7 10. Nc3 Re8 11. Rc1 c6 12. d3 Bf8 13. Re1 Nc5 14. Nd4 h5 15. h3 Qd7 16. b4 Ne6 17. Nxe6 Rxe6 18. b5 cxb5 19. Qb3 a6 20. Ne2 Rc6 21.
Nf4 Rd8 22. Rxc6 Qxc6 23. Rc1 Qd6 24. Bxf6 Qxf6 25. Rc7 Ba8 26. Bxd5 Bxd5 27. Nxd5 Qd6 28. e4 Qe6 29. Nf4 Qxb3 30. axb3 Bd6 31. Rc6 Bxf4 32.
gxf4 Rxd3 33. Rxb6 Rxh3 34. Rxa6 Rxb3 35. Kg2 g6 36. f3 Rb1 37. Kg3 b4 38. Rb6 b3 39. e5 h4+ 40. Kh2 Kg7 41. Kh3 b2 42. Kh2 Kf8 43. Rb7 Ke8 44. Kg2 h3+ 45. Kh2 Kd8 46. Rb3 Ke7 47. Rb6 Kd7 48. Rb7+ Ke6 49. Rb5 Kf5 50. Rb4 g5 51. fxg5 Kxe5 52. Rb7 Ke6 53.
Rb6+ Kf5 54. Rb5+ Kf4 55. Rb7 Kxg5 56. f4+ Kg4 57. f5 f6 58. Rb5 Kg5 59. Rb3 Kxf5 60. Rb5+ Kg6 61. Rb6 Kg5 62. Rb5+ f5 63. Rb4 Kf6 64.
Rb5 Kg5 65. Rb4 Kf6 66. Rb8 Kf7 67. Rb5 Ke6 68. Rb6+ Kd5 69. Rb5+ Ke4 70. Rb4+ Ke3 71. Rb3+ Ke2 72. Rb5 f4 73. Re5+ Kd3 74. Rd5+ Ke4 75.
Rb5 Re1 76. Rb4+ Kf3 77. Rb3+ Re3 78. Rxb2 Re2+ 79. Rxe2 Kxe2 80. Kxh3 f3 0-1

[Event "Late-Titled-Tuesday-Blitz-March-19-2024"]
[Site "Chess.com"]
[Date "2024.03.19"]
[Round "4"]
[White "kinga2008"]
[Black "Statham_01"]
[Result "0-1"]
[WhiteElo "2377"]
[BlackElo "2572"]
[TimeControl "180+1"]
[EndTime "14:40:18 PDT"]
[Termination "Statham_01 won on time"]

1. d4 Nf6 2. c4 e6 3. g3 d5 4. Nc3 dxc4 5. e4 c5 6. Be3 cxd4 7. Bxd4 Nc6 8. Nf3 Nxd4 9. Nxd4 Bc5 10. Nf3 Qb6 11. Qc2 Ng4 12. Nd1 Bb4+ 13. Nc3 Qc5 14.
h3 Bxc3+ 15. bxc3 Nf6 16. Bg2 O-O 17. O-O e5 18. Rfe1 b6 19. Rad1 Bb7 20. g4 Rad8 21.
Nh4 g6 22. Nf3 Rxd1 23. Qxd1 Bxe4 24. Nd2 Bxg2 25. Kxg2 Qd5+ 26. Nf3 Qxd1 27. Rxd1 e4 28. Ne5 Rc8 29. Rd6 Kg7 30. g5 Ne8 31. Rd7 Rc7 32.
Rd8 Re7 33. Nxc4 b5 34. Ne3 Re5 35. h4 Nc7 36. Ng4 Re8 37. Rd7 Ne6 38. Nh6 Rf8 39. Ng4 a5 40. Kg3 Rd8 41. Rb7 Rd3+ 42. Kg2 Nf4+ 43.
Kh2 Rh3+ 44. Kg1 Rxh4 45. Ne5 Rh5 46. Rxf7+ Kg8 47. Rxf4 Rxg5+ 48. Ng4 h5 49. Rxe4 Rxg4+ 50. Rxg4 hxg4 51. Kg2 Kf7 52. Kg3 Kf6 53. Kxg4 Ke5 54.
Kg5 Ke4 55. Kxg6 Kf3 56. Kf5 Kxf2 57. Ke4 Ke2 58. Kd4 Kd2 59. c4 b4 60. c5 a4 61. c6 b3 62. c7 bxa2 63. c8=Q a1=Q+ 64. Ke4 Qb1+ 65. Kf3 Qb3+ 0-1

[Event "Late-Titled-Tuesday-Blitz-March-19-2024"]
[Site "Chess.com"]
[Date "2024.03.19"]
[Round "4"]
[White "Orest_Vovk"]
[Black "carloseduar100"]
[Result "1-0"]
[WhiteElo "2494"]
[BlackElo "2255"]
[TimeControl "180+1"]
[EndTime "14:40:19 PDT"]
[Termination "Orest_Vovk won on time"]

1. h4 d5 2. h5 c5 3. e4 dxe4 4. Nc3 Nf6 5. Rh4 Nc6 6. Bb5 Bd7 7.
Nxe4 Nxe4 8. Rxe4 e6 9. Nf3 g6 10. d3 a6 11. Bxc6 Bxc6 12. Rf4 Bd6 13. Rg4 gxh5 14. Rg5 Bxf3 15. Qxf3 Qe7 16. Qxh5 O-O-O 17.
Be3 h6 18. Rg4 Qf6 19. O-O-O Kb8 20. f3 Be5 21. Qxe5+ Qxe5 22. Bf4 Qxf4+ 23. Rxf4 f5 24. Rh1 Rd6 25. Rfh4 e5 26. Rh5 Rf6 27. Re1 Re8 28. g4 fxg4 29. fxg4 Rg6 30. Re4 b6 31. Kd2 Kc7 32.
Kc3 Kd6 33. b4 cxb4+ 34. Rxb4 b5 35. a4 bxa4 36. Rxa4 Rc8+ 37. Kd2 Rc6 38. Ke3 Ke6 39. c4 Kf6 40. Ra5 Rxg4 41. Rxh6+ Rg6 42. Rxg6+ Kxg6 43. Rxe5 Kf6 44. Rh5 Ke7 45. Rh7+ Kd8 46. Kd4 a5 47. c5 Ra6 48. Kc4 a4 49. Kb5 Rf6 50. Kxa4 Rf3 51. Kb5 Rxd3 52. Kc6 Rd1 53. Rh8+ Ke7 54. Kc7 Rc1 55.
c6 Rc2 56. Kb7 Rb2+ 57. Kc8 Rc2 58. c7 Rc1 59. Rh7+ Ke8 60. Rh2 Ke7 61. Re2+ Kd6 62.
Rd2+ Ke7 63. Rb2 Kd6 64. Rb6+ Ke7 65. Ra6 Rc2 66. Rh6 Rc1 67. Rh7+ Kd6 68. Rh3 Ke7 69.
Rd3 Rc2 70. Kb7 1-0

[Event "Late-Titled-Tuesday-Blitz-March-19-2024"]
[Site "Chess.com"]
[Date "2024.03.19"]
[Round "4"]
[White "Byniolus"]
[Black "platy3"]
[Result "0-1"]
[WhiteElo "2792"]
[BlackElo "2962"]
[TimeControl "180+1"]
[EndTime "14:40:24 PDT"]
[Termination "platy3 won by checkmate"]

1. d4 Nf6 2. Nf3 d5 3. Bf4 c5 4.
c3 Qb6 5. Qb3 Nc6 6. Nbd2 c4 7.
Qc2 g6 8. e4 dxe4 9. Nxc4 Qd8 10.
Nfe5 Bg7 11. Be2 O-O 12. O-O Bf5 13. Qb3 Nd5 14. Bg3 Nxe5 15. Nxe5 Bc8 16. f3 Ne3 17. fxe4 Nxf1 18. Rxf1 e6 19. Nc4 b6 20. Nd6 Bd7 21. e5 Qe7 22. Bf3 Rad8 23. Qa3 f6 24. Qxa7 fxe5 25. dxe5 Bh6 26. b4 Be3+ 27. Kh1 Bf4 28. Bxf4 Rxf4 29. Qxb6 Rdf8 30. b5 g5 31. Rg1 g4 32. Be2 g3 33. h3 Rf2 34. Bg4 Rf1 35. Qe3 Qh4 36. c4 h5 37. Be2 Rxg1+ 38. Kxg1 Rf2 39. c5 Kf8 40. c6 Qb4 41. Qxg3 Rxe2 42. cxd7 Ke7 43. Kh2 Kxd7 44. b6 Qxb6 45. Qg7+ Kc6 46.
Qg3 Qf2 47. Qxf2 Rxf2 48. a4 Ra2 49. Kg3 Rxa4 50. Ne8 Kd5 51. Nf6+ Kxe5 52. Nxh5 Kd4 53. Kg4 e5 54. Kf5 e4 55. Nf4 e3 56. g4 Ra5+ 57. Kf6 Ke4 58. Ne2 Kf3 59. Nd4+ Kg3 60. Nf5+ Rxf5+ 61. gxf5 e2 62. Kg7 e1=Q 63. f6 Qe5 64. Kg6 Qe6 65. Kg7 Qe5 66. Kg6 Qe4+ 67. Kg7 Qd4 68.
Kg6 Qd8 69. Kg7 Kf4 70. f7 Qe7 71. h4 Kf5 72. h5 Ke6 73. h6 Qxf7+ 74. Kh8 Qf6+ 75. Kg8 Qg5+ 76. Kh7 Kf7 77. Kh8 Qg8# 0-1

[Event "Late-Titled-Tuesday-Blitz-March-19-2024"]
[Site "Chess.com"]
[Date "2024.03.19"]
[Round "4"]
[White "Sina_Movahed"]
[Black "FaustinoOro"]
[Result "0-1"]
[WhiteElo "3087"]
[BlackElo "2872"]
[TimeControl "180+1"]
[EndTime "14:40:24 PDT"]
[Termination "FaustinoOro won by resignation"]

1. e4 e5 2. Nf3 Nc6 3. d4 exd4 4. Nxd4 Qf6 5. Nf3 Bc5 6. c3 Nge7 7. Be2 d6 8. O-O O-O 9. b4 Bb6 10. a4 a6 11. Nbd2 Ng6 12. Nc4 Ba7 13. Bg5 Qe6 14. Qc2 h6 15. Be3 Nce5 16. Ncxe5 dxe5 17.
Bxa7 Rxa7 18. g3 Ra8 19. Rfd1 Qf6 20. Nd2 Bh3 21. Nc4 Rad8 22. Rxd8 Rxd8 23. Rd1 Be6 24. Ne3 c6 25. a5 Nf8 26. Rd3 Rd7 27. Bg4 Qd8 28.
Rxd7 Qxd7 29. Be2 c5 30. Qd3 Qxd3 31. Bxd3 cxb4 32. cxb4 Nd7 33. f4 f6 34. Kf2 Kf8 35. Ke1 Ke7 36. f5 Bf7 37. Kd2 Nb8 38. Kc3 Nc6 39. Nd1 Nd4 40. Nb2 Kd6 41. Na4 Be8 42. Nc5 Bc6 43. Bc4 Nf3 44. h4 Nd4 45. Kd3 Ke7 46.
Be6 Kd6 47. Ba2 Bb5+ 48. Kd2 Bc6 49. Bc4 Nf3+ 50. Ke3 Nd4 51. Bd3 Kc7 52. g4 Kd6 53. Bc4 Nc2+ 54. Kd2 Nxb4 55. Ne6 Bxe4 56. Nxg7 Bf3 57. Nh5 Bxg4 58. Nxf6 Bxf5 59. Ng8 h5 60. Nf6 Bg6 61. Be2 Nc6 62. Bxh5 Bxh5 63. Nxh5 Nxa5 64. Ke3 Ke6 65. Ke4 Nc4 66. Ng7+ Kf6 67. Nf5 Nd2+ 68.
Kd3 Kxf5 69. Kxd2 Kg4 70. Ke3 Kxh4 71. Ke4 Kg3 72. Kxe5 Kf3 73. Kd4 Kf4 74. Kc5 Ke5 75. Kb6 Kd6 76. Kxb7 a5 77. Ka6 a4 78. Ka5 a3 0-1

[Event "Late-Titled-Tuesday-Blitz-March-19-2024"]
[Site "Chess.com"]
[Date "2024.03.19"]
[Round "4"]
[White "Angry_Twin"]
[Black "mbojan"]
[Result "0-1"]
[WhiteElo "2939"]
[BlackElo "2804"]
[TimeControl "180+1"]
[EndTime "14:40:25 PDT"]
[Termination "mbojan won by resignation"]

1. e4 c5 2. Nf3 e6 3. d4 cxd4 4.
Nxd4 a6 5. c4 Nf6 6. Nc3 Qc7 7.
a3 b6 8. Be2 Bb7 9. f3 d6 10.
Be3 Be7 11. O-O O-O 12. Qd2 Nbd7 13. Rac1 Rac8 14. b4 Qb8 15. Rfd1 Rfe8 16. Nb3 Bd8 17. Bf4 Ne5 18. Bxe5 dxe5 19. c5 Nh5 20. Na4 Bc6 21. Nxb6 Bxb6 22. cxb6 Qxb6+ 23. Nc5 Bb5 24. Bf1 Bxf1 25.
Rxf1 Red8 26. Qf2 Nf4 27. Kh1 a5 28. g3 Nh3 29. Qb2 axb4 30. axb4 h6 31. Qxe5 Qxb4 32. Nxe6 f6 33. Qf5 Nf2+ 34. Kg1 Nd3 35. Nxd8 Qd4+ 36.
Kg2 Rxc1 37. Rxc1 Nxc1 38. Qc8 Kh7 39. Ne6 Qd2+ 40. Kh3 Ne2 41. Qc7 Ng1+ 42. Kg4 h5+ 43. Kf5 Qh6 44. Nf8+ Kg8 45. Qc8 Qg5+ 46. Ke6 Nxf3 47.
Nd7+ Kh7 48. Nf8+ Kh6 49. Nd7 Nd4+ 50. Ke7 f5+ 51. Kf7 Qg6+ 52. Kg8 Qh7+ 53. Kf7 g5+ 54. Ke8 Qg6+ 55. Kd8 Qg8+ 56. Kc7 Qxc8+ 57. Kxc8 fxe4 58.
Nc5 e3 59. Nd3 Nf3 60. Kd7 e2 61. Ke6 e1=Q+ 62. Nxe1 Nxe1 63. Kf5 Nf3 64. h3 Nd2 65. g4 h4 66. Ke5 Nf3+ 67. Ke4 Ng1 68. Ke5 Nxh3 69. Ke4 Nf4 70. Kf3 h3 71. Kf2 Kg6 72. Kg3 Kf6 73. Kh2 Ke5 74. Kg3 Ke4 75. Kh2 Kf3 76.
Kg1 Kxg4 77. Kh1 Kf3 78. Kh2 g4 79. Kg1 g3 80. Kh1 g2+ 81. Kh2 Nd5 82. Kg1 Nc7 83. Kh2 Kf2 0-1

[Event "Late-Titled-Tuesday-Blitz-March-19-2024"]
[Site "Chess.com"]
[Date "2024.03.19"]
[Round "4"]
[White "dretch"]
[Black "Firouzja2003"]
[Result "1-0"]
[WhiteElo "2886"]
[BlackElo "3091"]
[TimeControl "180+1"]
[EndTime "14:40:28 PDT"]
[Termination "dretch won by resignation"]

1. d4 Nf6 2. c4 g6 3. Nc3 Bg7 4. e4 d6 5. Nf3 O-O 6. h3 e5 7. dxe5 dxe5 8. Qxd8 Rxd8 9. Bg5 Na6 10. Nd5 Rd6 11. Bxf6 Bxf6 12. Rc1 c5 13. Be2 Kg7 14. O-O Be6 15. a3 Rad8 16. Rb1 b6 17. b4 Rc8 18. Rfc1 Nb8 19. b5 h6 20. a4 Nd7 21. Ra1 Bg5 22. Rd1 Bd8 23. Rd3 Nf6 24. Nxf6 Rxd3 25. Ne8+ Kf8 26. Bxd3 Kxe8 27. a5 bxa5 28.
Nxe5 Bf6 29. f4 Rd8 30. Bf1 g5 31. Rxa5 gxf4 32. Nc6 Rd1 33. e5 Bh4 34. Ra4 f3 35. gxf3 Bxh3 36. Rxa7 Rxf1+ 37. Kh2 Rxf3 38. b6 Rb3 39. b7 Be6 40. b8=Q+ Rxb8 41. Nxb8 Bxc4 42. Nd7 Bg5 43. Kg3 Be3 44. Nf6+ Kd8 45. Kf3 Bd4 46.
Ke4 Be6 47. Nd5 h5 48. Nf4 Bb3 49. Nxh5 Kc8 50. Nf4 Kb8 51. Ra3 Bc4 52. Ra4 Bb3 53. Ra3 Bc4 54. Rh3 Kc7 55. Rh7 Kc6 56. Rh6+ Kb5 57.
Nd5 Ba2 58. Rb6+ Kc4 59. Rb8 Bb3 60. Nb6+ Kc3 61. Nd5+ Kc4 62. Ne3+ Kc3 63. Rb7 Be6 64.
Nd5+ Kc4 65. Nf4 Bg4 66. Rxf7 Bd1 67. e6 Bc2+ 68. Kf3 Bd1+ 69. Kg3 Ba4 70. e7 Kb3 71. Rf8 c4 72. Rb8+ Kc2 73. e8=Q Bxe8 74. Rxe8 c3 75. Ne2 Kd3 76. Nxd4 Kxd4 77. Kf2 Kd3 78. Ke1 Kc2 79. Rc8 1-0

[Event "Late-Titled-Tuesday-Blitz-March-19-2024"]
[Site "Chess.com"]
[Date "2024.03.19"]
[Round "4"]
[White "arenal72"]
[Black "Der_Balak_3Halak"]
[Result "1-0"]
[WhiteElo "2602"]
[BlackElo "2413"]
[TimeControl "180+1"]
[EndTime "14:40:34 PDT"]
[Termination "arenal72 won by checkmate"]

1. Nf3 e6 2. g3 Nf6 3. Bg2 d5 4.
O-O c5 5. d3 Nc6 6. Nbd2 Be7 7.
e4 O-O 8. Qe2 Bd7 9. e5 Ne8 10.
Re1 f6 11. exf6 Bxf6 12. c3 Nd6 13. Nf1 Re8 14. h4 e5 15. Ng5 Ne7 16. Ne3 h6 17. Nxd5 hxg5 18. hxg5 Nxd5 19. Bxd5+ Be6 20. Bxe6+ Rxe6 21. gxf6 Qxf6 22. Be3 b6 23. Qg4 Rf8 24. Rad1 Nf5 25. Rd2 Kf7 26. Rde2 Rh8 27. Bg5 Qg6 28. Rxe5 Rxe5 29. Rxe5 Nd6 30. Qd7+ Kg8 31. Qe6+ Qxe6 32. Rxe6 Nf7 33. Bf4 Kf8 34. Rc6 g5 35. Rc8+ Kg7 36. Rxh8 Kxh8 37. Bb8 a6 38. Ba7 Ne5 39. d4 cxd4 40.
cxd4 Nd7 41. b4 Kg7 42. a4 Kf6 43. a5 b5 44. Kg2 g4 45. f3 gxf3+ 46. Kxf3 Ke6 47. g4 Kd5 48. Bc5 Ke6 49. Kf4 Nf6 50.
g5 Nd5+ 51. Ke4 Nc3+ 52. Kf4 Nd5+ 53. Kg4 Ne3+ 54. Kh5 Nf5 55. Kg6 Nh4+ 56. Kh7 Kf5 57. Be7 Ng6 58. Bf6 Nf4 59. Kh6 Nd5 60. Be5 Nxb4 61. g6 Nc6 62. Bd6 Nd8 63. g7 Nf7+ 64. Kh5 Nh6 65. Kxh6 b4 66. g8=Q b3 67. Qxb3 Ke4 68.
Qe6+ Kd3 69. d5 Kc4 70. Be5 Kb5 71. d6 Kc6 72. d7+ Kb5 73. d8=Q Ka4 74. Qdd7+ Ka3 75. Qd3+ Kb4 76. Qeb3+ Kc5 77. Bc7 Kc6 78. Qdd5+ Kxc7 79. Qbb7# 1-0

[Event "Late-Titled-Tuesday-Blitz-March-19-2024"]
[Site "Chess.com"]
[Date "2024.03.19"]
[Round "4"]
[White "mbachez"]
[Black "ContrVersia"]
[Result "0-1"]
[WhiteElo "2651"]
[BlackElo "2927"]
[TimeControl "180+1"]
[EndTime "14:40:40 PDT"]
[Termination "ContrVersia won by resignation"]

1. e4 c5 2. Nf3 a6 3. c3 d5 4. exd5 Qxd5 5. d4 Bg4 6. Be2 Nf6 7.
Be3 cxd4 8. cxd4 e6 9. Nc3 Qd6 10. O-O Nc6 11. Rc1 Be7 12. Qb3 Qb4 13. Qc2 O-O 14.
a3 Qd6 15. Rfd1 Rfd8 16. h3 Bh5 17. Na4 Nd5 18. Nc5 Rab8 19. b4 Rdc8 20. Qb3 Bg6 21.
Bc4 Bf6 22. Bd3 a5 23. Bxg6 hxg6 24. Ne4 Qd8 25. b5 Nce7 26. a4 Nf5 27. Kh1 Rxc1 28.
Bxc1 Rc8 29. Bb2 Be7 30. Ne5 Qc7 31. Rc1 Qb8 32. Re1 Rd8 33. Nc5 b6 34. Nc6 Qf4 35. Nd3 Qb8 36. Nxd8 Qxd8 37. Ne5 Bd6 38. Rc1 g5 39.
Qc2 Nfe7 40. Kg1 Qe8 41. Nc6 Nf5 42. Qd3 f6 43. Ba3 Bf4 44. Re1 Qd7 45. Qe4 Kf7 46. g3 Bc7 47. Kg2 Nc3 48. Qf3 Nxa4 49. Qh5+ Kg8 50.
Qf3 g6 51. Qe4 Kf7 52. Qc2 Qd5+ 53. Qe4 Qxe4+ 54. Rxe4 Nc3 55. Re1 Nxb5 56. Bb2 Bd6 57. Rb1 Nc7 58. Bc3 Nd5 59. Bd2 a4 60. Na7 Nxd4 61.
Ra1 Nb3 62. Ra2 Nxd2 63. Rxd2 Bc5 64. Nb5 Ke7 65. Ra2 a3 66. Nxa3 Nc3 67. Rc2 Ne4 68.
Nc4 e5 69. Kf3 Nd6 70. Ne3 Ke6 71. Rd2 e4+ 72. Ke2 f5 73. Rb2 f4 74. gxf4 gxf4 75. Nd1 Nc4 76. Rb3 f3+ 77. Ke1 Ne5 78. Nb2 Kd5 79.
Rc3 Bd4 80. Rc2 Bxb2 81. Kd2 Bd4 82. Ra2 Bxf2 83. Ra8 e3+ 84. Kc2 e2 0-1

[Event "Late-Titled-Tuesday-Blitz-March-19-2024"]
[Site "Chess.com"]
[Date "2024.03.19"]
[Round "4"]
[White "KnightmareJoker"]
[Black "IMchanged"]
[Result "0-1"]
[WhiteElo "2320"]
[BlackElo "2656"]
[TimeControl "180+1"]
[EndTime "14:40:43 PDT"]
[Termination "IMchanged won by checkmate"]

1. e4 c5 2. Nf3 d6 3. d4 cxd4 4. Nxd4 Nf6 5. Nc3 a6 6. Be2 e5 7. Nb3 Be7 8. O-O Be6 9. Be3 O-O 10. Nd5 Nbd7 11. Qd3 Rc8 12. c4 Bxd5 13. cxd5 Ne8 14.
Qd2 h6 15. Qa5 Bg5 16. Qxd8 Rxd8 17. Bxg5 hxg5 18. Na5 Rb8 19. Rac1 g6 20. b4 f5 21.
Bd3 Ndf6 22. f3 f4 23. Rc2 Nd7 24. Rfc1 Nb6 25. Nc4 Nxc4 26. Rxc4 Nf6 27. Rc7 Rf7 28. Rxf7 Kxf7 29. Rc7+ Ke8 30. Rg7 Rc8 31. Rxg6 Kf7 32. Rxg5 Rc3 33. Bf1 Rc2 34. a4 Ra2 35. b5 Rxa4 36. bxa6 bxa6 37. h4 a5 38. h5 Ra1 39.
h6 a4 40. Rg7+ Kf8 41. Ra7 Kg8 42. Ra6 a3 43. Rxd6 a2 44. Ra6 Nd7 45. Kf2 Nc5 46. Ra7 Nb3 47. Bc4 Rc1 48. Bxb3 a1=Q 49. d6+ Kh8 50.
Rxa1 Rxa1 51. d7 Ra8 52. Be6 Kh7 53. Ke2 Kxh6 54. Kd3 Kg6 55. Bf5+ Kf6 56. Kc4 Ke7 57. Kd5 Ra5+ 58. Kc6 Ra1 59. Bg4 Ra2 60. Kd5 Ra5+ 61. Kc6 Ra2 62. Kc7 Rc2+ 63. Kb6 Kd8 64. Kb5 Rxg2 65.
Kc5 Rxg4 66. Kd5 Rg5 67. Ke6 Rh5 68. Kd6 Rh3 69. Kxe5 Rxf3 70. Kf5 Kxd7 71. Kg4 Rf1 72. e5 Ke6 73. Kh3 Kxe5 74. Kg2 Ra1 75. Kf2 Ke4 76. Ke2 f3+ 77. Kf2 Ra2+ 78. Kg3 f2 79. Kg2 Ke3 80. Kf1 Rb2 81. Kg2 Kf4 82. Kf1 Rc2 83. Kg2 Rd2 84.
Kf1 Ke3 85. Kg2 Ke2 86. Kg3 f1=Q 87. Kh2 Kf3# 0-1

[Event "Late-Titled-Tuesday-Blitz-March-19-2024"]
[Site "Chess.com"]
[Date "2024.03.19"]
[Round "4"]
[White "Jospem"]
[Black "Kampkatten"]
[Result "1-0"]
[WhiteElo "3065"]
[BlackElo "2844"]
[TimeControl "180+1"]
[EndTime "14:40:59 PDT"]
[Termination "Jospem won on time"]

1. e4 e5 2. Nf3 Nc6 3. Nc3 Nf6 4.
h3 d5 5. Bb5 Nxe4 6. O-O Bd6 7.
Nxd5 Be6 8. Ne3 O-O 9. d3 Nc5 10. Bc4 Re8 11. Bxe6 Nxe6 12. Nc4 Qf6 13. Re1 h6 14. Nfd2 Qg6 15. Qg4 Qxg4 16. hxg4 Ned4 17.
Ne3 Nb4 18. Rd1 Nbxc2 19. Nxc2 Nxc2 20. Rb1 Nb4 21. Nc4 a5 22. a3 Nd5 23. Kf1 Bc5 24. Nd2 a4 25. Ne4 Bd4 26. Bd2 b6 27. Rdc1 Red8 28.
Ke2 c5 29. b4 axb3 30. Rxb3 Ra6 31. Rcb1 Rda8 32. Bc1 g6 33. Kf1 Kg7 34. g3 Rd8 35.
Kg2 f5 36. gxf5 gxf5 37. Nd2 Kg6 38. Nc4 Rb8 39. Bd2 h5 40. Re1 Kf6 41. Rh1 Rh8 42. a4 h4 43. Rxh4 Rxh4 44. gxh4 f4 45. a5 bxa5 46.
Bxa5 Kf5 47. Rb8 Kg4 48. Rg8+ Kxh4 49. Bd8+ Kh5 50. Nxe5 Bxe5 51. Rg5+ Kh6 52. Rxe5 Rd6 53. Bh4 Nb4 54. Be7 Rd7 55. Re6+ Kg7 56. Bxc5 Nxd3 57. Bb6 Kf7 58. Rh6 Kg7 59. Rc6 Ne5 60. Re6 Nc4 61. Bc5 Nd2 62. Bb4 Nc4 63. Bc3+ Kf7 64. Rf6+ Ke7 65. Rxf4 Nb6 66. Bb4+ Ke6 67. Re4+ Kf5 68. Rh4 Nd5 69. Bd2 Rg7+ 70. Kf3 Rb7 71. Rh5+ Ke6 72. Rh6+ Kf5 73. Rh5+ Ke6 74. Rg5 Rb3+ 75.
Ke4 Nf6+ 76. Kd4 Rf3 77. Be3 Rf5 78. Rg6 Rd5+ 79. Kc4 Rd6 80. Bc5 Kf5 81. Rg3 Rd1 82.
Rf3+ Ke5 83. Be3 Ne4 84. Rf8 Rd7 85. Re8+ Kf5 86. Rf8+ Ke5 87. Kb5 Rd5+ 88. Kc6 Rd6+ 89. Kc7 Rd1 90. f4+ Ke6 91. Re8+ Kf5 92. Re5+ Kg4 93.
Rxe4 1-0